 Dungeon Crawl Stone Soup version 0.24.1-8-ga250c9d538 (webtiles) character file.

Game seed: 4987165528375874537, levelgen mode: deterministic

735 Gynju the Firebug (level 7, -5/50 HPs)
             Began as a Red Draconian Fire Elementalist on Apr 29, 2020.
             Slain by a hornet zombie (10 damage)
             ... on level 5 of the Dungeon.
             The game lasted 00:05:16 (5278 turns).

Gynju the Firebug (Red Draconian Fire Elementalist) Turns: 5278, Time: 00:05:17

Health: -5/50      AC:  9    Str: 10    XL:     7   Next: 45%
Magic:  0/12       EV: 12    Int: 18    God:
Gold:   304        SH:  0    Dex: 11    Spells: 9/13 levels left

rFire    + . .     SeeInvis .   i - +2 whip (freeze)
rCold    . . .     Gourm    .   (no shield)
rNeg     . . .     Faith    .   (armour unavailable)
rPois    .         Spirit   .   (helmet restricted)
rElec    .         Reflect  .   l - +2 cloak
rCorr    .         Harm     .   (no gloves)
MR       .....                  (no boots)
Stlth    ++........             p - amulet of the acrobat
HPRegen  0.16/turn              (no ring)
MPRegen  0.13/turn              (no ring)

@: short of breath
A: breathe fire, unfitting armour, fire resistance 1, cold-blooded, AC +6
a: Breathe Fire


You were on level 5 of the Dungeon.
You were not hungry.

You visited 2 branches of the dungeon, and saw 6 of its levels.

You collected 304 gold pieces.

Inventory:

Hand Weapons
 i - a +2 whip of freezing (weapon)
Armour
 e - a +0 shield
 l - a +2 cloak (worn)
Jewellery
 p - an amulet of the acrobat (around neck)
Wands
 x - a wand of flame (17)
Potions
 d - 2 potions of flight
 h - 2 potions of invisibility
 k - a potion of berserk rage {unknown}
 m - 2 potions of curing {unknown}
 n - a potion of lignification {unknown}
 q - 2 potions of haste {unknown}
 s - a potion of heal wounds {unknown}
 u - a potion of magic {unknown}
Comestibles
 b - 10 rations


   Skills:
 - Level 1.7 Dodging
 + Level 4.0 Stealth
 + Level 3.2 Shields
 + Level 3.9 Spellcasting
 + Level 3.7 Conjurations
 + Level 5.7 Fire Magic


You had 9 spell levels left.
You knew the following spells:

 Your Spells              Type           Power        Failure   Level  Hunger
a - Flame Tongue          Conj/Fire      ###..        2%          1    None
b - Conjure Flame         Conj/Fire      ###.....     6%          3    ###....

Your spell library contained the following spells:

 Spells                   Type           Power        Failure   Level  Hunger
 Throw Flame              Conj/Fire      ###...       3%          2    ##.....
 Inner Flame              Hex/Fire       ##......     14%         3    ###....
 Animate Skeleton         Necr           N/A          16%         1    None
 Apportation              Tloc           #.....       16%         1    None
 Confusing Touch          Hex            #.....       16%         1    None
 Summon Small Mammal      Summ           #...         16%         1    None
 Sticky Flame             Conj/Fire      ###.....     22%         4    ####...
 Fireball                 Conj/Fire      ###.......   52%         5    ######.


Dungeon Overview and Level Annotations

Branches:
Dungeon (5/15)             Temple (1/1) D:4

Altars:
Cheibriados
Dithmenos
Elyvilon
Fedhas
Gozag
Hepliaklqana
Kikubaaqudgha
Makhleb
Nemelex Xobeh
Okawaru
Qazlal
Sif Muna
Trog
Uskayaw
Wu Jian
Yredelemnul
Zin
The Shining One
Beogh

Shops:
D:5 ?

Annotations:
D:4 3 runed translucent doors, blainexi's ghost, amateur MfFi


Innate Abilities, Weirdness & Mutations

You can breathe blasts of fire.
Your fiery red scales are hard. (AC +6)
You cannot fit into any form of body armour.
Your flesh is heat resistant. (rF+)
You are cold-blooded and may be slowed by cold attacks.


Message History

The hornet zombie hits you but does no damage.
The hornet zombie hits you.
* * * LOW HITPOINT WARNING * * *
Casting: Flame Tongue (safe; 2% risk of failure)
Confirm with . or Enter, or press ? or * to list all spells.
Aiming: Flame Tongue (safe; 2% risk of failure)
Press: ? - help, Shift-Dir - straight line, f/p - orc priest
Aim: an orc priest, wielding a +0 whip The flame tongue hits the hornet zombie.
The hornet zombie is severely damaged.
The hornet zombie closely misses you.
Casting: Flame Tongue (safe; 2% risk of failure)
Confirm with . or Enter, or press ? or * to list all spells.
Aiming: Flame Tongue (safe; 2% risk of failure)
Press: ? - help, Shift-Dir - straight line, f/p - orc priest
Aim: an orc priest, wielding a +0 whip The flame tongue hits the hornet zombie!
The hornet zombie is almost destroyed.
The hornet zombie hits you!
You die...

.## #................§
..#####*****####...(.............
........,,,,........####.....#...
##...###****####......[..........
*##..#* #.....####......##..
*#..# #.##.###........###. *#.#
###........##.....# ##
*.#*###...###"#####.....# #
*,,,...†.oZ@..# ###..##
***,...#".##### ##..#
*****,,,.w..** #...#
#**,,,,,,....,*** #...#
.,,,,,,,,...*,,,** #.#.#
.,,,,,,,,.>,***,,** #.#.#
.,,,,,,,,.,,,***,,** #.#.#
.,,,,,,,,,,,,****,,* #.#.# ###
.,,,,,,,,,,,,,,,**,*#####.#(###..


You could see a worm, an orc priest and a hornet zombie.

Vanquished Creatures
  Grinder (D:3)
  An ice beast (D:5)
  An ogre (D:4)
  A bullfrog zombie (D:5)
  Crazy Yiuf (D:3)
  An orc priest (D:5)
  An orc wizard (D:4)
  A bullfrog skeleton (D:4)
  An iguana (D:4)
  A worker ant (D:4)
  2 hound skeletons
  6 adders
  2 oozes
  5 dart slugs
  5 leopard geckos
  9 orcs
  6 bats
  5 giant cockroaches
  3 goblins
  6 hobgoblins
  4 jackals (D:4)
  2 quokkas
  2 frilled lizards
  8 kobolds
  A quokka skeleton (D:2)
  9 rats
85 creatures vanquished.

Notes
Turn   | Place    | Note
-------+----------+-------------------------------------------
     0 | D:1      | Gynju the Draconian Fire Elementalist began the quest for
                  | the Orb.
     0 | D:1      | Reached XP level 1. HP: 14/14 MP: 3/3
   139 | D:1      | Reached XP level 2. HP: 15/20 MP: 0/5
  1098 | D:1      | Reached XP level 3. HP: 26/26 MP: 4/6
  1841 | D:2      | Learned a level 3 spell: Conjure Flame
  2039 | D:2      | Found a faded altar of an unknown god.
  2295 | D:2      | Reached skill level 1 in Shields
  2295 | D:2      | Reached XP level 4. HP: 33/33 MP: 5/7
  3072 | D:3      | Noticed Grinder
  3166 | D:3      | Found a runed translucent door.
  3167 | D:3      | Noticed Crazy Yiuf
  3173 | D:3      | Killed Crazy Yiuf
  3173 | D:3      | Reached XP level 5. HP: 29/38 MP: 5/9
  3491 | D:3      | Paralysed by Grinder for 6 turns
  3498 | D:3      | Killed Grinder
  3498 | D:3      | Reached skill level 4 in Fire Magic
  3498 | D:3      | Reached XP level 6. HP: 26/45 MP: 4/10
  3686 | D:4      | Found a staircase to the Ecumenical Temple.
  3769 | Temple   | Entered the Ecumenical Temple
  4240 | D:4      | Found a runed translucent gate.
  4242 | D:4      | Found a runed translucent gate.
  4242 | D:4      | Identified the +7 spear "Kuiqupp" {venom, *Contam rElec rF+
                  | rC++}
  4243 | D:4      | Found a runed translucent gate.
  4243 | D:4      | Noticed blainexi's ghost (amateur MfFi)
  4249 | D:4      | Found a roughly hewn altar of Beogh.
  4495 | D:4      | Your scales start taking on a fiery red colour.
  4495 | D:4      | Reached skill level 5 in Fire Magic
  4495 | D:4      | Reached XP level 7. HP: 49/50 MP: 3/12
  4495 | D:4      | Gained mutation: Your flesh is heat resistant. (rF+) [Red
                  | Draconian growth]
  4920 | D:5      | Entered Level 5 of the Dungeon
  5223 | D:5      | Found Kegic's Magic Scroll Shoppe.
  5278 | D:5      | Slain by a hornet zombie

Levels and vault maps discovered:
D:1:      erik_arrival_blinker_ship, layout_basic, minivault_4,
          minmay_tetromino_i2
D:2:      layout_loops_ring, chequers_ecumenical_altar_simple,
          chequers_serial_rivers_micro_a, chequers_serial_rivers_small_3
D:3:      lemuel_upstairs_altar, layout_basic, uniq_grinder,
          uniq_crazy_yiuf_cottage
D:4:      layout_basic, minmay_temple_entry_junction, first_ration,
          biasface_ghost_orc_armoury, st_stairs_3, chequers_jeans
D:5:      layout_rooms, serial_shops, shop
Temple:   dpeg_five_rooms_temple

Skill      XL: |  1  2  3  4  5  6  7 |
---------------+----------------------+-----
Stealth        | 2 3 4 |  4.0
Conjurations   | 2 3 |  3.7
Shields        | 1 2 3 |  3.2
Spellcasting   | 3 |  3.9
Fire Magic     | 4 5 |  5.7
Dodging        | |  1.7

Action                   |  1- 3 |  4- 6 |  7- 9 || total
-------------------------+-------+-------+-------++-------
Melee: Unarmed           |    15 |       |       ||    15
       Tailslap          |     5 |     1 |       ||     6
       Short sword       |     6 |       |       ||     6
       Mace              |     9 |     8 |       ||    17
 Cast: Flame Tongue      |    59 |    86 |    37 ||   182
 Abil: Breathe Fire      |       |       |     1 ||     1
  Use: Scroll            |       |       |    10 ||    10
  Eat: Chunk             |     5 |     7 |     2 ||    14
Armor: Skin              |    17 |    15 |    11 ||    43
Dodge: Dodged            |    32 |    27 |    12 ||    71
